 Dungeon Sprint DCSS version 0.20-a0-208-g55166f7 (webtiles) character file.

2048 Faca the Blocker (level 9, -5/81 HPs)
             Began as a Formicid Fighter on Nov 25, 2016.
             Was an Elder of Trog.
             Slain by a vault warden
             ... wielding a +8 rod of inaccuracy (2/13)
              (6 damage)
             ... in the Dungeon (Sprint V: "Ziggurat Sprint").
             The game lasted 00:08:22 (816 turns).

Faca the Blocker (Formicid Fighter)                  Turns: 816, Time: 00:08:23

Health: -5/81      AC: 30    Str: 21    XL:     9   Next: 49%
Magic:  9/9        EV:  4    Int:  8    God:    Trog [****..]
Gold:   0          SH: 32    Dex: 25    Spells: 8/8 levels left

rFire  . . .     SeeInvis +     k - +14 plutonium sword {*Contam Stlth-}
rCold  . . .     Gourm    .     F - +15 Maxwell's patent armour {-Cast -Tele rElec MR+ rCorr}
rNeg   + . .     Faith    .     G - +18 shield of the Gong {rElec rN+ MR+ EV-5}
rPois  .         Spirit   .     (helmet unavailable)
rElec  +         Reflect  .     (no cloak)
rCorr  +         Harm     .     (no gloves)
MR     ++...     NoCast   +     (no boots)
Stlth  ..........               (no amulet)
                                E - +6 ring of dexterity
                                D - +6 ring of dexterity

@: no status effects
A: permanent stasis, dig shafts and tunnels, four strong arms, antennae 3
a: Dig, Trog's Hand, Brothers in Arms, Burn Spellbooks, Renounce Religion


You were in the Dungeon.
You worshipped Trog.
Trog was greatly pleased with you.
You were not hungry.

You visited 1 branch

Inventory:

Hand Weapons
 j - the +7 great mace "Firestarter" {inner flame, rF++}
   (You found it in the Dungeon)

   It has been specially enchanted to burn those struck by it, causing extra
   injury to most foes and up to half again as much damage against particularly
   susceptible opponents.
   It greatly protects you from fire.
 k - the +14 plutonium sword (weapon) {*Contam Stlth-}
   (You found it in the Dungeon)

   It causes magical contamination when unequipped.
   It makes you less stealthy.
 C - the +9 sword of Zonguldrok {reap}
   (You found it in the Dungeon)

   If a monster killed with it leaves a corpse in good enough shape, the corpse
   will be animated as a zombie friendly to the killer.
Armour
 F - the +15 Maxwell's patent armour (worn) {-Cast -Tele rElec MR+ rCorr}
   (You found it in the Dungeon)

   It insulates you from electricity.
   It affects your resistance to hostile enchantments.
   It prevents spellcasting.
   It prevents most forms of teleportation.
   It protects you from acid and corrosion.
 G - the +18 shield of the Gong (worn) {rElec rN+ MR+ EV-5}
   (You found it in the Dungeon)

   It affects your evasion (-5).
   It insulates you from electricity.
   It protects you from negative energy.
   It affects your resistance to hostile enchantments.
Jewellery
 b - the ring "Uqamneog" {Wiz Str+9}
   (You found it in the Dungeon)

   [ring of wizardry]

   It improves your spell success rate.
   It affects your strength (+9).
 D - a +6 ring of dexterity (left hand)
 E - a +6 ring of dexterity (right hand)
Wands
 y - a wand of disintegration (7/24)
 A - a wand of iceblast (5/15)
 B - a wand of lightning (5/15)
Scrolls
 a - a scroll of brand weapon
 r - 3 scrolls of recharging
 s - 7 scrolls of fog
 u - 5 scrolls of identify
 v - 5 scrolls of remove curse
 w - 2 scrolls of fear
Potions
 d - 6 potions of might
 e - 10 potions of curing
 g - 10 potions of heal wounds
 i - 7 potions of magic
 l - 2 potions of brilliance
 m - 2 potions of invisibility
 n - 4 potions of resistance
 p - 5 potions of agility
Comestibles
 f - 5 bread rations
 x - 42 fruits
 z - 4 meat rations


   Skills:
 + Level 11.5 Fighting
 + Level 5.5 Long Blades
   Level 3.7(5.5) Axes
 + Level 6.4(6.9) Maces & Flails
 + Level 11.2 Armour
 + Level 3.5 Dodging
 + Level 13.3 Shields


You had 8 spell levels left.
You didn't know any spells.

Dungeon Overview and Level Annotations

Branches:
Dungeon (1/1)

Altars:
Ashenzari
Cheibriados
Dithmenos
Elyvilon
Fedhas
Gozag
Hepliaklqana
Kikubaaqudgha
Makhleb
Nemelex Xobeh
Okawaru
Qazlal
Ru
Sif Muna
Trog
Uskayaw
Vehumet
Xom
Yredelemnul
Zin
The Shining One
Beogh
Jiyva
Lugonu


Innate Abilities, Weirdness & Mutations

You cannot be hasted, slowed, berserked, paralysed or teleported.
You can dig through walls and to a lower floor.
Your four strong arms can wield two-handed weapons with a shield.
You have a pair of large antennae on your head. (SInv)


Message History

* * * LOW HITPOINT WARNING * * *
The wolf spider bites you but does no damage.
The ironheart preserver casts a spell.
The ironheart preserver is healed somewhat.
You block the vault warden's attack.
GONNNNG!
The wolf spider hits you but does no damage.
You block the wolf spider's attack.
GONNNNG!
You block the vault warden's attack.
GONNNNG!
The ice dragon bites you.
* * * LOW HITPOINT WARNING * * *
The ice dragon claws you but does no damage.
You block the ice dragon's attack.
GONNNNG!
The ironheart preserver casts a spell.
The ironheart preserver is healed somewhat.
The vault warden hits you with a +8 rod of inaccuracy (2/13).
You die...

▓.....▓.....▓▓▓▓▓▓▓
▓▓▓▓▓▓▓▓▓▓▓▓▓▓▓▓▓▓▓
▓..8©8...▓..8©8...▓
▓..))....▓...[|...▓
▓....)...▓..).....▓
▓...))...▓........▓
▓...)(...▓........▓
{
▓.▓....▓.▓p▓s...▓.▓
{
▓........▓p@Dc....▓
▓▓▓▓▓▓▓▓▓▓▓▓▓▓▓▓▓▓▓
{


{{{{ {{{ { { {{{ You could see an ironheart preserver, an ice dragon, a vault
warden, a yaktaur captain and a wolf spider.

Vanquished Creatures
  2 rime drakes (D)
  A jumping spider (D)
  3 merfolk (D)
  A steam dragon (D)
  A scorpion (D)
  3 orc priests (D)
11 creatures vanquished.

Vanquished Creatures (collateral kills)
  A merfolk (D)
  An orc (D)
2 creatures vanquished.

Grand Total: 13 creatures vanquished

Notes
Turn   | Place    | Note
-------+----------+-------------------------------------------
     0 | D        | Faca the Formicid Fighter began the quest for the Orb.
     0 | D        | Reached XP level 1. HP: 18/18 MP: 1/1
     0 | D        | Found a deep blue altar of Sif Muna.
     0 | D        | Found a sacrificial altar of Ru.
     0 | D        | Found a bloodstained altar of Trog.
     0 | D        | Found a stormy altar of Qazlal.
     0 | D        | Found an iron altar of Okawaru.
     0 | D        | Found a sparkling altar of Nemelex Xobeh.
     0 | D        | Found a blossoming altar of Fedhas.
     2 | D        | Found an ancient bone altar of Kikubaaqudgha.
     2 | D        | Found a viscous altar of Jiyva.
     2 | D        | Found a corrupted altar of Lugonu.
     2 | D        | Found a hazy altar of Hepliaklqana.
     2 | D        | Found a burning altar of Makhleb.
     2 | D        | Found an opulent altar of Gozag.
    83 | D        | Became a worshipper of Trog the Wrathful
   139 | D        | Entered arena 1.
   139 | D        | Noticed a jumping spider
   139 | D        | Noticed a scorpion
   147 | D        | Killed a scorpion
   147 | D        | Reached skill level 5 in Fighting
   147 | D        | Reached skill level 5 in Armour
   147 | D        | Reached skill level 6 in Shields
   147 | D        | Reached XP level 2. HP: 17/27 MP: 2/2
   147 | D        | Reached XP level 3. HP: 21/33 MP: 3/3
   147 | D        | Reached XP level 4. HP: 25/39 MP: 4/4
   150 | D        | Killed a jumping spider
   150 | D        | Reached skill level 1 in Maces & Flails
   150 | D        | Reached skill level 9 in Shields
   150 | D        | Reached XP level 5. HP: 21/49 MP: 5/5
   150 | D        | Reached XP level 6. HP: 24/56 MP: 6/6
   380 | D        | Reached skill level 10 in Shields
   380 | D        | Reached XP level 7. HP: 64/64 MP: 7/7
   386 | D        | Entered arena 2.
   386 | D        | Noticed a rime drake
   386 | D        | Noticed a steam dragon
   386 | D        | Noticed a rime drake
   389 | D        | Killed a rime drake
   389 | D        | Killed a rime drake
   389 | D        | Reached * piety under Trog
   389 | D        | Reached skill level 10 in Fighting
   389 | D        | Reached skill level 11 in Shields
   389 | D        | Reached XP level 8. HP: 55/72 MP: 8/8
   389 | D        | Reached skill level 5 in Maces & Flails
   389 | D        | Reached skill level 10 in Armour
   396 | D        | Reached skill level 12 in Shields
   539 | D        | Entered arena 3.
   541 | D        | Reached ** piety under Trog
   549 | D        | Reached *** piety under Trog
   556 | D        | Entered arena 4.
   556 | D        | Noticed a merfolk
   556 | D        | Noticed a merfolk
   556 | D        | Noticed a merfolk
   556 | D        | Noticed a merfolk
   566 | D        | Killed a merfolk
   566 | D        | Reached XP level 9. HP: 34/81 MP: 9/9
   577 | D        | Killed a merfolk
   577 | D        | Reached **** piety under Trog
   586 | D        | Killed a merfolk
   586 | D        | Reached skill level 5 in Long Blades
   586 | D        | Reached skill level 13 in Shields
   588 | D        | Killed a merfolk
   794 | D        | Got the ring "Uqamneog" {Wiz Str+9}
   802 | D        | Entered arena 5.
   802 | D        | Noticed an ironheart preserver
   802 | D        | Noticed an ice dragon
   802 | D        | Noticed a wolf spider
   802 | D        | Noticed a vault warden
   802 | D        | Noticed a yaktaur captain
   810 | D        | Identified a +8 rod of inaccuracy (10/13)
   816 | D        | HP: 4/81 [wolf spider (7)]
   816 | D        | HP: 1/81 [ice dragon (3)]
   816 | D        | Slain by a vault warden

Vault maps used:
D:        sprint_v

Skill      XL: |  1  2  3  4  5  6  7  8  9 |
---------------+----------------------------+-----
Fighting       | 5 8 9 10 11 | 11.5
Armour         | 5 8 9 10 11 | 11.2
Shields        | 6 9 10 11 12 13 | 13.3
Axes           | 3 |  3.7
Maces & Flails | 1 4 6 |  6.4
Long Blades    | 3 4 5 |  5.5
Dodging        | 3 |  3.5

Action                   |  1- 3 |  4- 6 |  7- 9 || total
-------------------------+-------+-------+-------++-------
Melee: War axe           |     4 |       |       ||     4
       Great mace        |     1 |     2 |     9 ||    12
       Double sword      |       |       |    31 ||    31
       Triple sword      |       |       |     9 ||     9
Invok: Burn Spellbooks   |       |       |     1 ||     1
  Use: Potion            |       |     1 |       ||     1
       Scroll            |       |       |     1 ||     1
Armor: Plate armour      |     6 |     3 |    68 ||    77
Dodge: Dodged            |       |       |    15 ||    15
Block: Shield            |    13 |     7 |   127 ||   147
       Rpst.: Double sword |       |       |     1 ||     1
       Triple sword      |       |       |     2 ||     2
